 Dungeon Crawl Stone Soup version 0.31-a0-963-ga325b2283a (webtiles) character file.

Game seed: 8706915151251330357

135230 Forgeling the Brawler (level 16, -15/116 HPs)
             Began as an Octopode Shapeshifter on Oct 25, 2023.
             Was the Champion of Ru.
             Demolished by a spark wasp (16 damage)
             ... on level 2 of the Spider Nest.
             The game lasted 01:40:57 (34910 turns).

Forgeling the Brawler (Octopode Shapeshifter)      Turns: 34910, Time: 01:40:57

Health: -15/116    AC:  7    Str: 22    XL:     16   Next: 18%
Magic:  20/25      EV: 20    Int: 14    God:    Ru [******]
Gold:   578        SH:  4    Dex: 11    Spells: 15/15 levels left

rFire   + .          .
                       - Unarmed
rCold   + . .        Z - +0 buckler
rNeg    + + .        o - +2 hat
rPois   +            a - amulet of Sifiyg {Acrobat rPois}
rElec   .            p - +6 ring of strength
rCorr   .            z - ring of see invisible
SInv    +            n - +4 ring of protection
Will    +....        B - ring of protection from cold
Stlth   +++++++      P - ring of magical power
HPRegen 0.39/turn    l - ring of positive energy
MPRegen 0.19/turn    h - ring "Eshruzaku" {Fly rF+ rN+}
                     m - +5 ring of evasion

%: acrobat
@: exhausted, about to teleport, maw-form, flying
A: devouring maw, almost no armour, amphibious, 8 rings, camouflage 1, weak 2,
gelatinous body 1, no fire magic, no translocations magic, no transmutations
magic, disrupted magic 2, unskilled 1, inexperienced 1, (nimble swimmer 1),
tentacles
a: Begin Untransformation, Renounce Religion, Draw Out Power, Power Leap,
Apocalypse


You were on level 2 of the Spider Nest.
You worshipped Ru.
Ru was exalted by your worship.
You were a creature with a mouth for a stomach.
You visited 4 branches of the dungeon, and saw 24 of its levels.
You also visited: Ossuary.

You collected 2094 gold pieces.
You spent 1516 gold pieces at shops.

Inventory:

Missiles
 g - 13 boomerangs
 k - 18 curare-tipped darts
 t - 97 poisoned darts (quivered)
 u - 7 throwing nets
 w - 9 javelins
Armour
 o - a +2 hat (worn)
 Z - a +0 buckler (worn)
Jewellery
 a - the amulet of Sifiyg (around mantle) {Acrobat rPois}
   (You bought it in a shop on level 2 of the Orcish Mines)

   [amulet of the acrobat]

   Acrobat:   It increases your evasion while moving and waiting.
   rPois:     It protects you from poison
 h - the ring "Eshruzaku" (on tentacle) {Fly rF+ rN+}
   (You bought it in a shop on level 2 of the Orcish Mines)

   [ring of flight]

   rF+:       It protects you from fire.
   rN+:       It protects you from negative energy.
   Fly:       It grants you flight.
 l - a ring of positive energy (on tentacle)
 m - a +5 ring of evasion (on tentacle)
 n - a +4 ring of protection (on tentacle)
 p - a +6 ring of strength (left tentacle)
 x - an amulet of regeneration
 z - a ring of see invisible (right tentacle)
 B - a ring of protection from cold (on tentacle)
 P - a ring of magical power (on tentacle)
Talismans
 b - a serpent talisman
 s - a maw talisman (active)
Wands
 d - a wand of digging (6)
 e - a wand of charming (19)
 i - a wand of roots (17)
 j - a wand of polymorph (12)
 q - a wand of flame (20)
 y - a wand of mindburst (6)
Scrolls
 c - 3 scrolls of noise
 f - 3 scrolls of enchant armour
 D - 3 scrolls of blinking
 F - 2 scrolls of fog {unknown}
 K - 4 scrolls of immolation
 L - a scroll of brand weapon {unknown}
 M - 3 scrolls of poison {unknown}
 O - 5 scrolls of silence
 S - a scroll of summoning
 V - 2 scrolls of vulnerability
 W - a scroll of torment {unknown}
 X - a scroll of revelation {@r4}
 Y - 6 scrolls of teleportation {@r3}
Potions
 r - 6 potions of enlightenment
 v - a potion of experience {unknown}
 A - a potion of attraction
 C - 2 potions of cancellation
 E - a potion of might {unknown}
 G - 2 potions of ambrosia
 H - 2 potions of haste
 I - a potion of invisibility
 J - 14 potions of curing {@q1}
 Q - 2 potions of magic
 R - 4 potions of resistance
 T - a potion of berserk rage
 U - 5 potions of mutation


   Skills:
 + Level 12.9 Fighting
 - Level 6.0 Throwing
 + Level 6.8 Dodging
 - Level 15.0 Stealth
 - Level 1.9 Shields
 - Level 18.0 Unarmed Combat
 - Level 5.0 Evocations
 - Level 10.0 Shapeshifting


You had 15 spell levels left.
You didn't know any spells.
Your spell library contained the following spells:

 Spells                   Type           Power      Damage    Failure   Level
 Freeze                   Ice            0%         1d3       52%         1
 Magic Dart               Conj           0%         1d3       52%         1
 Necrotise                Necr           0%         1d4       52%         1
 Sandblast                Erth           0%         2d4       52%         1
 Summon Small Mammal      Summ           0%         N/A       52%         1
 Call Imp                 Summ           0%         N/A       65%         2
 Poisonous Vapours        Pois/Air       0%         N/A       65%         2
 Frozen Ramparts          Ice            0%         1d1       85%         3
 Hailstorm                Conj/Ice       0%         3d3       85%         3
 Mephitic Cloud           Conj/Pois/Air  0%         N/A       85%         3
 Stone Arrow              Conj/Erth      0%         3d7       85%         3
 Tukima's Dance           Hex            0%         N/A       85%         3
 Brom's Barrelling Bould  Conj/Erth      0%         2d3       99%         4
 Summon Ice Beast         Ice/Summ       0%         N/A       99%         4
 Freezing Cloud           Conj/Ice/Air   0%         6-21      100%        5
 Simulacrum               Ice/Necr       0%         N/A       100%        6
 Apportation              Tloc           Unusable   N/A       N/A         1
 Passwall                 Tmut/Erth      Unusable   N/A       N/A         2
 Passage of Golubria      Tloc           Unusable   N/A       N/A         4
 Yara's Violent Unravell  Hex/Tmut       Unusable   3d3       N/A         5

Dungeon Overview and Level Annotations

Branches:
Dungeon (15/15)            Temple (0/1) D:5            Lair (5/5) D:10
  Swamp (0/4) Lair:3       Spider (2/4) Lair:3        Slime (0/5) Lair:4
    Orc (2/2) D:11            Elf (0/3) Orc:2        Vaults (0/5) D:14
 Depths (0/4) D:15        Ossuary (visited)

Altars:
Cheibriados
Elyvilon
Makhleb
Ru
Trog
Uskayaw
Wu Jian
The Shining One
Jiyva
Lugonu

Shops:
D:6 [   Orc:2 *[=(

Portals:
Abyss: Lair:5

Annotations:
Spider:1 Mlioglotl


Innate Abilities, Weirdness & Mutations

You are a creature with a mouth for a stomach.
Your midsection houses a second, enormous mouth.
You cannot wear most types of armour.
You are amphibious.
You can wear up to eight rings at the same time.
Your skin changes colour to match your surroundings (Stealth+).
You are very weak. (Str -4)
Your rubbery body absorbs attacks. (AC +1, EV +1)
You cannot study or cast Fire magic.
You cannot study or cast Translocations magic.
You cannot study or cast Transmutations magic.
Your casting is disrupted.
You are somewhat unskilled. (-1 Apt)
You are somewhat inexperienced. (-1 XL)
((You are camouflaged when in or above water. (Stealth+)))
You have tentacles for arms and can constrict up to eight enemies at once.


Message History

You see here a poisoned dart.
Throw: 98 darts (poison)
Press: ? - help, Q - select action, (/) - cycle Shift-Dir - straight line, f - spark wasp
Aim: a spark wasp (51% to hit)
You throw a poisoned dart. The poisoned dart hits the spark wasp.
You barely miss the spark wasp. Your grab misses the spark wasp.
Your squeeze misses the spark wasp. Your bite misses the spark wasp.
You bludgeon the spark wasp! Your grab misses the spark wasp.
You squeeze the spark wasp, but do no damage.
The spark wasp is lightly wounded.
The spark wasp begins to attack, but is stunned by your conviction!
You closely miss the spark wasp. Your grab misses the spark wasp.
Your squeeze misses the spark wasp. Your bite misses the spark wasp.
The spark wasp is lightly wounded.
The spark wasp begins to attack, but is stunned by your conviction! x2
Aiming: Power Leap
Press: ? - help, Dir - move target, p - spark wasp A wolf spider comes into view.
The spark wasp stings you!! The spark wasp shocks you!
The spark wasp stings you. The spark wasp shocks you!
* * * LOW HITPOINT WARNING * * *
You redirect the spark wasp's attack!
As you read the scroll of teleportation {@r3}, it crumbles to dust.
You feel strangely unstable.
You feel much better. The spark wasp stings you!
* * * LOW HITPOINT WARNING * * *
The spark wasp shocks you!
* * * LOW HITPOINT WARNING * * *
The spark wasp is stunned by your conviction and fails to attack.
You feel better.
The electric eel is no longer paralysed.
The spark wasp stings you!
* * * LOW HITPOINT WARNING * * *
The spark wasp shocks you!
* * * LOW HITPOINT WARNING * * *
The electric eel begins to attack, but is stunned by your conviction!
The spark wasp stings you!
* * * LOW HITPOINT WARNING * * *
The spark wasp shocks you!
You die...

..##..###...#
###.........# .#.~≈≈
^.#..#...#..# ....≈
.#...######## ..[~##
###...#..#.## ..~≈≈
#.#^.##.....# ..S≈
#...##....# ### s.#
.....#..######.##y.#
.###.....#.#.#.yW..###
...#..#.^.....(y..(..#
..#######.....###...##
...#....#..##...#.#..#
#.##...######..####..#
#.#.......#.##..# .#
#...##..##...##.# #
#....#........####
..####....###....#


You could see 3 spark wasps, a wolf spider and an electric eel.

Vanquished Creatures
  Kirke (D:12)
  An orc warlord (Orc:1)
  2 spark wasps
  Snorg (D:14)
  Josephine (Orc:1)
  2 entropy weavers
  A rakshasa (D:15)
  The ghost of Joey1 the Severer, a journeyman MiBe of Trog (D:11)
  6 hydras
  Erolcha (Orc:2)
  Harold (D:11)
  3 catoblepae
  4 centaur warriors
  A jorogumo (Spider:2)
  10 two-headed ogres
  2 ogre magi
  5 boulder beetles
  7 death yaks
  A demonic crawler (Spider:1)
  4 orc high priests
  3 thrashing horrors (Lair:5)
  A sun moth (Spider:2)
  3 pharaoh ants
  A skeletal warrior (D:14)
  An orb spider (Spider:1)
  A glowing orange brain (shapeshifter) (Lair:5)
  A lindwurm (Lair:4)
  3 steelbarb worms
  5 orc knights
  A necromancer (D:15)
  2 arcanists
  9 ugly things
  2 deep elf pyromancers
  A deep elf zephyrmancer (D:15)
  10 wolf spiders
  4 manticores
  2 moths of wrath
  4 orc sorcerers
  5 cyclopes
  A faun (shapeshifter) (D:14)
  A centaur zombie (D:15)
  Joseph (D:8)
  A guardian serpent (shapeshifter) (D:15)
  Maurice (D:12)
  22 elephants
  An eye of devastation (Lair:4)
  5 black mambas
  12 komodo dragons
  2 smoke demons (Lair:5)
  6 torpor snails
  2 gargoyles
  5 centaur skeletons
  14 cane toads
  6 rime drakes
  3 kobold demonologists
  2 unseen horrors
  4 yaktaurs (D:14)
  A freezing wraith (D:14)
  2 tengu conjurers (D:15)
  12 trolls
  A tyrant leech (Lair:3)
  15 tarantellas
  4 polar bears
  A raiju (Lair:5)
  A meliai (Lair:3)
  A tarantella (shapeshifter) (Lair:5)
  Grinder (D:4)
  A glass eye (Lair:4)
  6 dream sheep
  26 blink frogs
  15 jumping spiders
  13 slime creatures
  A ynoxinul (Lair:5)
  9 culicivoras
  A centaur simulacrum (D:15)
  A spriggan (Lair:5)
  3 vampires
  Sigmund (D:4)
  6 wyverns
  42 yaks
  2 shadows
  A fire elemental (Lair:1)
  9 small abominations (Lair:5)
  9 wraiths
  4 hogs (D:12)
  3 fire bats (Lair:1)
  6 basilisks
  A chaos spawn (Lair:5)
  4 steam dragons
  3 vampire mosquitoes (D:12)
  27 redbacks
  A large abomination (Lair:5)
  The ghost of LeprechaunX the Changeling, an amateur OpSh (D:4)
  3 acid dragons
  2 swamp worms (Lair:3)
  3 wargs
  17 water moccasins
  Duvessa (D:5)
  2 hell hounds (Lair:1)
  A sky beast (D:8)
  3 black bears
  32 orc warriors
  2 ice beasts
  A wolf (shapeshifter) (Lair:5)
  12 ogres
  15 centaurs
  12 wolves
  2 phantoms (D:6)
  Blork the orc (D:4)
  16 kobold brigands
  12 bullfrogs
  A scorpion (D:4)
  A gnoll sergeant (D:8)
  Dowan (D:5)
  8 wights (D:8)
  16 killer bees
  2 howler monkeys
  2 electric eels (Lair:1)
  A lava snake (D:13)
  3 jellies
  4 hounds
  20 orc priests
  3 gnoll boudas
  10 iguanas
  2 sleepcaps
  Terence (D:3)
  29 orc wizards
  5 hell rats (Lair:3)
  A boggart skeleton (D:14)
  A mummy (Ossuary)
  17 gnolls
  8 adders
  A white imp (D:4)
  2 ufetubi (D:6)
  2 dart slugs
  79 orcs
  5 spectral bats (Ossuary)
  7 bats
  9 endoplasms
  3 giant cockroaches
  12 gnoll zombies (Ossuary)
  9 goblins
  5 hobgoblins
  6 jackals
  39 kobolds
  A quokka (D:5)
  5 ball pythons
  3 frilled lizards
  2 goblin simulacra (Ossuary)
  4 goblin zombies (Ossuary)
  6 hobgoblin zombies (Ossuary)
  4 kobold simulacra (Ossuary)
  4 kobold zombies (Ossuary)
  4 orc zombies (Ossuary)
  8 rats
  5 rat simulacra (Ossuary)
  2 rat zombies (D:6)
  2 spectral goblins (Ossuary)
  5 spectral kobolds (Ossuary)
  4 spectral rats (Ossuary)
949 creatures vanquished.

Vanquished Creatures (others)
  2 hydras
  An orc knight (Orc:2)
  A wolf spider (Spider:2)
  A cane toad (Lair:3)
  A yak (Lair:3)
  An ogre (Orc:1)
  An orc priest (Orc:2)
  An orc wizard (Orc:1)
  A boggart simulacrum (D:15)
  2 orcs (Orc:2)
  A ball python (D:3)
13 creatures vanquished.

Grand Total: 962 creatures vanquished

Notes
Turn   | Place    | Note
-------+----------+-------------------------------------------
     0 | D:1      | Forgeling the Octopode Shapeshifter began the quest for the
                  | Orb.
     0 | D:1      | Reached XP level 1. HP: 13/13 MP: 1/1
    47 | D:1      | Reached skill level 1 in Stealth
   141 | D:1      | Reached XP level 2. HP: 16/18 MP: 2/2
   445 | D:1      | Reached XP level 3. HP: 23/23 MP: 3/3
   714 | D:2      | Found a faded altar of an unknown god.
   861 | D:2      | Prayed at the altar of an unknown god.
   861 | D:2      | Became a worshipper of Ru the Awakened
   885 | D:1      | Gained mutation: You are somewhat inexperienced. (-1 XL)
                  | [Ru sacrifice]
   885 | D:1      | Reached XP level 2. HP: 18/18 MP: 2/2
   885 | D:1      | Reached * piety under Ru
  1057 | D:2      | Reached skill level 4 in Unarmed Combat
  1061 | D:2      | Reached XP level 3. HP: 19/23 MP: 3/3
  1384 | D:3      | Noticed Terence
  1835 | D:4      | Reached skill level 5 in Unarmed Combat
  1835 | D:4      | Reached XP level 4. HP: 17/28 MP: 4/4
  2436 | D:4      | Noticed Blork the orc
  2451 | D:4      | Killed Blork the orc
  2597 | D:4      | Noticed Sigmund
  2608 | D:5      | Entered Level 5 of the Dungeon
  2781 | D:3      | Reached skill level 6 in Unarmed Combat
  2781 | D:3      | Reached XP level 5. HP: 17/33 MP: 5/5
  2871 | D:3      | Killed Terence
  3057 | D:5      | Noticed a black bear
  3163 | D:5      | Noticed an ice beast
  3218 | D:4      | Killed an ice beast
  3441 | D:5      | Noticed a steam dragon
  3451 | D:5      | Killed a steam dragon
  3452 | D:5      | Reached XP level 6. HP: 25/42 MP: 6/6
  3483 | D:5      | Found a staircase to the Ecumenical Temple.
  3516 | D:5      | Noticed a steam dragon
  3545 | D:5      | Reached skill level 7 in Unarmed Combat
  3555 | D:5      | Gained mutation: You are weak. (Str -2) [Ru sacrifice]
  3555 | D:5      | Reached ** piety under Ru
  3569 | D:5      | Noticed Duvessa
  3569 | D:5      | Noticed Dowan
  3803 | D:6      | Reached skill level 8 in Unarmed Combat
  3803 | D:6      | Reached XP level 7. HP: 32/48 MP: 7/7
  3845 | D:6      | Found a sand-covered staircase.
  3863 | Ossuary  | Entered an ossuary
  4521 | D:6      | Found Ylaace's Armour Shoppe.
  4637 | D:5      | Noticed Grinder
  4801 | D:6      | Reached skill level 5 in Fighting
  4834 | D:6      | Noticed a troll
  4868 | D:6      | Reached skill level 5 in Stealth
  4874 | D:6      | Found a glowing golden altar of the Shining One.
  5594 | D:7      | Reached skill level 9 in Unarmed Combat
  5594 | D:7      | Reached XP level 8. HP: 51/57 MP: 8/8
  5850 | D:8      | Gained mutation: You cannot study or cast Fire magic. [Ru
                  | sacrifice]
  5850 | D:8      | Gained mutation: You cannot study or cast Transmutations
                  | magic. [Ru sacrifice]
  5850 | D:8      | Gained mutation: You cannot study or cast Translocations
                  | magic. [Ru sacrifice]
  5850 | D:8      | Reached *** piety under Ru
  5888 | D:8      | Found an ornate altar of the Wu Jian Council.
  5902 | D:8      | Found a burning altar of Makhleb.
  5916 | D:8      | Found a white marble altar of Elyvilon.
  5930 | D:8      | Found a snail-covered altar of Cheibriados.
  6399 | D:8      | Reached skill level 10 in Unarmed Combat
  6629 | D:8      | Noticed Joseph
  6644 | D:8      | Killed Joseph
  6645 | D:8      | Reached skill level 5 in Shapeshifting
  7116 | D:4      | Found a runed translucent door.
  7119 | D:4      | Killed Sigmund
  7123 | D:4      | Noticed LeprechaunX's ghost (amateur OpSh)
  7134 | D:4      | Killed LeprechaunX's ghost
  7242 | D:5      | Killed Duvessa
  7243 | D:5      | Reached XP level 9. HP: 59/62 MP: 9/9
  7258 | D:5      | Killed Dowan
  7259 | D:5      | Reached skill level 1 in Evocations
  7286 | D:4      | Killed Grinder
  9937 | D:9      | Reached skill level 5 in Dodging
 10038 | D:9      | Gained mutation: You are somewhat unskilled. (-1 Apt) [Ru
                  | sacrifice]
 10038 | D:9      | Reduced skill Unarmed Combat to level 9
 10038 | D:9      | Reached **** piety under Ru
 10308 | D:9      | Reached XP level 10. HP: 45/68 MP: 10/10
 10523 | D:10     | Entered Level 10 of the Dungeon
 10930 | D:10     | Reached skill level 10 in Unarmed Combat
 11860 | D:10     | Found a staircase to the Lair.
 11932 | D:11     | Reached skill level 11 in Unarmed Combat
 11993 | D:11     | Noticed a two-headed ogre
 12015 | D:11     | You fall into a shaft and drop 2 floors!
 12165 | D:13     | Noticed a two-headed ogre
 12383 | D:12     | Noticed Maurice
 12419 | D:12     | Noticed a deep elf pyromancer
 12428 | D:12     | Killed a deep elf pyromancer
 12574 | D:12     | Gained mutation: Your casting is slightly disrupted. [Ru
                  | sacrifice]
 12574 | D:12     | Reached ***** piety under Ru
 12642 | D:12     | Noticed a red ugly thing
 12683 | D:11     | Noticed a manticore
 12863 | D:11     | Noticed a manticore
 12875 | D:11     | Killed a manticore
 12925 | D:11     | Noticed a two-headed ogre
 13178 | Lair:1   | Entered Level 1 of the Lair of Beasts
 13178 | Lair:1   | Found a transporter.
 13207 | Lair:1   | Reached skill level 12 in Unarmed Combat
 13511 | Lair:1   | Found a transporter.
 13533 | Lair:1   | Reached XP level 11. HP: 75/75 MP: 11/11
 13589 | Lair:1   | Reached skill level 5 in Evocations
 15985 | Lair:3   | Gained mutation: You are very weak. (Str -4) [Ru sacrifice]
 16036 | Lair:3   | Found a hole to the Spider Nest.
 16986 | Lair:3   | Noticed a six-headed hydra
 17168 | Lair:3   | Reached skill level 10 in Shapeshifting
 17601 | Lair:3   | Reached XP level 12. HP: 82/82 MP: 12/12
 17923 | Lair:4   | Reached skill level 10 in Stealth
 19225 | Lair:4   | Reached skill level 1 in Throwing
 19232 | Lair:4   | Found a viscous altar of Jiyva.
 19232 | Lair:4   | Found a staircase to the Slime Pits.
 19285 | Lair:3   | Gained mutation: Your casting is disrupted. [Ru sacrifice]
 19285 | Lair:3   | Reached ****** piety under Ru
 19475 | Lair:5   | Entered Level 5 of the Lair of Beasts
 19886 | Lair:5   | Reached skill level 5 in Throwing
 20132 | Lair:4   | Reached skill level 13 in Unarmed Combat
 20597 | Lair:3   | Reached XP level 13. HP: 89/89 MP: 13/13
 21243 | Lair:3   | Reached skill level 14 in Unarmed Combat
 21904 | Lair:3   | Found a staircase to the Swamp.
 22885 | Lair:5   | Reached skill level 10 in Fighting
 22929 | Lair:5   | Found an ornate altar of the Wu Jian Council.
 22929 | Lair:5   | Found a hide-covered altar of Uskayaw.
 23317 | Lair:5   | Reached skill level 15 in Unarmed Combat
 23804 | Lair:1   | Identified the +5 scale mail of the Kodama {rPois Int+2}
 24102 | D:11     | Found a runed translucent gate.
 24119 | D:11     | Found a runed translucent gate.
 24120 | D:11     | Found a runed translucent gate.
 24120 | D:11     | Noticed Joey1's ghost (journeyman MiBe)
 24280 | D:11     | Found a staircase to the Orcish Mines.
 24494 | D:11     | Reached skill level 1 in Shields
 24638 | D:11     | Noticed Harold
 24649 | D:11     | Killed Harold
 24858 | D:12     | Noticed Kirke
 24875 | D:12     | Reached XP level 14. HP: 99/99 MP: 14/14
 24879 | D:12     | Noticed a sphinx
 24882 | D:12     | Killed Kirke
 25489 | D:12     | Killed Maurice
 25490 | D:12     | Reached skill level 16 in Unarmed Combat
 25554 | Orc:1    | Entered Level 1 of the Orcish Mines
 25746 | Orc:1    | You fall into a shaft and drop 1 floor!
 25746 | Orc:2    | Entered Level 2 of the Orcish Mines
 25749 | Orc:2    | Noticed an orc warlord
 25749 | Orc:2    | Noticed Josephine
 25750 | Orc:2    | Found Nyalab's Jewellery Boutique.
 25750 | Orc:2    | Found Coratosh's General Store.
 25961 | Orc:2    | Noticed Erolcha
 25970 | Orc:2    | Killed Erolcha
 26279 | Orc:2    | Found a staircase to the Elven Halls.
 26457 | Orc:2    | Found a bloodstained altar of Trog.
 26754 | Orc:1    | Killed an orc warlord
 26843 | Orc:1    | Killed Josephine
 27180 | Orc:2    | Found Siam's Antique Armour Boutique.
 27180 | Orc:2    | Found Ucisoevyr's Antique Weapon Shop.
 27244 | Orc:2    | Bought the ring "Eshruzaku" {Fly rF+ rN+} for 392 gold
                  | pieces
 27248 | Orc:2    | Bought the amulet of Sifiyg {Acrobat rPois} for 453 gold
                  | pieces
 27258 | Orc:2    | Bought a +5 ring of evasion for 396 gold pieces
 27259 | Orc:2    | Bought a ring of protection from cold for 275 gold pieces
 27715 | Lair:5   | Identified the +1 morningstar "Cuorai Qeupo" {elec, rC+ rN+
                  | Dex-3}
 27918 | Lair:5   | Found a corrupted altar of Lugonu.
 27918 | Lair:5   | Found a one-way gate to the infinite horrors of the Abyss.
 30210 | D:14     | Noticed Snorg
 30330 | D:14     | Reached XP level 15. HP: 107/107 MP: 15/15
 30519 | D:14     | Killed Snorg
 30871 | D:14     | Reached skill level 17 in Unarmed Combat
 30938 | D:14     | Found a gate to the Vaults.
 31077 | D:15     | Entered Level 15 of the Dungeon
 31506 | D:15     | Found a staircase to the Depths.
 32130 | D:11     | Reached skill level 15 in Stealth
 32131 | D:11     | Killed Joey1's ghost
 32297 | Spider:1 | Entered Level 1 of the Spider Nest
 33475 | Spider:1 | Reached skill level 18 in Unarmed Combat
 33695 | Spider:1 | Reached skill level 5 in Dodging
 33839 | Spider:1 | Noticed Mlioglotl
 34036 | Spider:2 | Reached XP level 16. HP: 101/116 MP: 16/16
 34910 | Spider:2 | HP: 1/116 [spark wasp (10)]
 34910 | Spider:2 | Demolished by a spark wasp

Illustrated notes

Levels and vault maps discovered:
D:1:      dpeg_arrival_houses_and_road, layout_basic
D:2:      minmay_evil_eye, layout_rooms, nicolae_ecumenical_oubliette
D:3:      layout_loops_cross, minmay_circle_x, uniq_terence
D:4:      layout_basic, ebering_ghost_reflecting_pool,
          minmay_goblin_kobold_house, uniq_sigmund, uniq_blork_the_orc
D:5:      layout_rooms, minmay_temple_entry_junction, minmay_hedge_maze,
          uniq_grinder, uniq_duvessa
D:6:      cheibrodos_fzero, layout_rooms, old_standard_altar, serial_shops,
          shop, enter_ossuary_4
D:7:      layout_loops_ring
D:8:      layout_loops_ring, grunt_temple_overflow_cloverleaf, uniq_joseph
D:9:      layout_basic
D:10:     layout_small_grid, lair_entry_dummy, grunt_ministairs_15
D:11:     layout_irregular_city, orc_0_dummy, gammafunk_ghost_nasty_kobolds,
          uniq_harold
D:12:     layout_irregular_city, uniq_kirke, uniq_maurice
D:13:     layout_loops_ring, kennysheep_cross_room
D:14:     layout_cave_pools, hangedman_vaults_entry_quadrant_bands, uniq_snorg
D:15:     grunt_enter_depths_magical_seal, layout_basic, serial_bayou_ford_a
Lair:1:   gammafunk_cloud_chamber, layout_chaotic_city, serial_bayou_shore_a
Lair:2:   layout_loops_ring
Lair:3:   nzn_winding_woodlands_medium [nzn_winding_woodlands_5x5_three,
          nzn_winding_woodlands_5x15_garden, nzn_winding_woodlands_5x5_default,
          nzn_winding_woodlands_5x5_open_star,
          nzn_winding_woodlands_center_lodge, nzn_winding_woodlands_hourglass,
          nzn_winding_woodlands_5x5_checkerboard,
          nzn_winding_woodlands_5x15_parted, nzn_winding_woodlands_5x5_default],
          layout_concentric_octagons, palyth_hydra_swamp_entry,
          hellmonk_spider_entry_not_the_bees, grunt_forest_small_clearings
Lair:4:   layout_small_grid, minmay_slime_entry_eyes
Lair:5:   hellmonk_lair_end_abyssal_woods, layout_loops_ring,
          nzn_masters_of_martial_movement
Spider:1: layout_spider_delve, uniq_mlioglotl
Spider:2: layout_spider_delve, nicolae_spider_bzzzt
Orc:1:    layout_caves
Orc:2:    st_orc_congregation, layout_caves, david_defended_altar_orc,
          uniq_erolcha, uniq_josephine

Skill      XL: |  1  2  3  4  5  6  7  8  9 10 11 12 13 14 15 16 |
---------------+-------------------------------------------------+-----
Stealth        | 1 3 6 7 8 11 13 15 | 15.0
Unarmed Combat | 4 5 6 8 9 10 9 12 13 15 16 18 | 18.0
Fighting       | 3 4 5 6 7 8 10 11 12 | 12.9
Shapeshifting  | 7 6 7 10 | 10.0
Evocations     | 2 4 5 |  5.0
Dodging        | 4 5 6 |  6.8
Throwing       | 6 |  6.0
Shields        | 1 |  1.9

Action                     |  1- 3 |  4- 6 |  7- 9 | 10-12 | 13-15 | 16-18 || total
---------------------------+-------+-------+-------+-------+-------+-------++-------
  Melee: Unarmed           |   110 |    95 |   445 |   750 |  1097 |    72 ||  2569
         Constrict         |    23 |    18 |   111 |    91 |   199 |    22 ||   464
         Tentacles         |    18 |    13 |   108 |   223 |   112 |    24 ||   498
         Punch             |     1 |     5 |    16 |    45 |    43 |     7 ||   117
         Maw               |       |       |       |   139 |   169 |    36 ||   344
  Throw: Boomerang         |       |    13 |    45 |    14 |    11 |       ||    83
         Dart              |       |       |       |       |    41 |     6 ||    47
 Invoke: Sacrifice Experie |     1 |       |       |       |       |       ||     1
         Sacrifice Purity  |       |     1 |       |     1 |       |       ||     2
         Sacrifice Arcana  |       |       |     1 |       |       |       ||     1
         Draw Out Power    |       |       |     1 |     6 |     3 |       ||    10
         Sacrifice Skill   |       |       |     1 |       |       |       ||     1
         Power Leap        |       |       |       |     7 |    26 |     1 ||    34
         Sacrifice Essence |       |       |       |     2 |       |       ||     2
         Apocalypse        |       |       |       |       |     3 |     1 ||     4
  Evoke: Wand              |       |       |     4 |    12 |     3 |       ||    19
    Use: Scroll            |     3 |     4 |     7 |    10 |     9 |     1 ||    34
         Potion            |       |     9 |       |     1 |     6 |     2 ||    18
   Stab: Sleeping          |    18 |     3 |    15 |     9 |    13 |       ||    58
         Distracted        |       |       |     3 |     5 |    14 |       ||    22
         Invisible         |       |       |     2 |     2 |    12 |       ||    16
         Paralysed         |       |       |       |    13 |    12 |     1 ||    26
 Armour: Skin              |    37 |   100 |   187 |   360 |   688 |    39 ||  1411
  Dodge: Dodged            |    63 |    57 |   262 |   415 |   623 |    56 ||  1476
  Block: Buckler           |       |       |       |       |    22 |    12 ||    34
   Form: Beast             |     1 |       |       |     1 |       |       ||     2
         Flux              |       |       |     1 |     1 |       |       ||     2
         Maw               |       |       |       |     1 |     2 |       ||     3
         Anaconda          |       |       |       |       |     2 |       ||     2

Table legend: (Time is in decaauts)
 A = Elapsed time spent in this place.
 B = Non-inter-level travel time spent in this place.
 C = Inter-level travel time spent in this place.
 D = Time resting spent in this place.
 E = Time spent auto-exploring this place.
 F = Levels seen in this place.
 G = Mean time per level.
                   A        B        C        D        E       F      G
               +--------+--------+--------+--------+--------+-----+--------+
         Total |  34452 |  30666 |   3786 |   4366 |  17728 |  25 | 1378.1 |
       Dungeon |  18100 |  15853 |   2247 |   1995 |   9661 |  15 | 1206.7 |
          Lair |  12588 |  11238 |   1350 |   2194 |   6181 |   5 | 2517.6 |
   Spider Nest |   1575 |   1572 |      3 |     72 |    873 |   2 |  787.5 |
  Orcish Mines |   1692 |   1508 |    184 |     87 |    951 |   2 |  846.0 |
       Ossuary |    495 |    495 |      0 |     17 |     62 |   1 |  495.0 |
               +--------+--------+--------+--------+--------+-----+--------+

Top non-repeatable levels by time:
  Lair:3: 4240 daAuts
  Lair:4: 2575 daAuts
  Lair:5: 2283 daAuts
  Lair:1: 1796 daAuts
  Lair:2: 1691 daAuts
    D:12: 1682 daAuts
     D:9: 1620 daAuts
     D:4: 1577 daAuts
    D:10: 1536 daAuts
     D:6: 1523 daAuts
    D:13: 1461 daAuts
     D:8: 1376 daAuts
    D:14: 1369 daAuts
   Orc:1: 1110 daAuts
    D:11: 1087 daAuts
